 Dungeon Crawl Stone Soup version 0.25-a0-1007-g10a8c3caa8 (webtiles) character file.

Game seed: 6811960778010290670, levelgen mode: deterministic

371213 Flugslaktarn the Impregnable (level 21, 0/215 HPs)
             Began as a Minotaur Fighter on May 11, 2020.
             Was an Initiate of Gozag.
             Killed from afar by a golden dragon (31 damage)
             ... with a bolt of fire
             ... on level 4 of the Realm of Zot.
             The game lasted 00:26:39 (35621 turns).

Flugslaktarn the Impregnable (Minotaur Fighter)    Turns: 35621, Time: 00:26:40

Health: 0/215      AC: 47    Str: 35    XL:     21   Next: 35%
Magic:  24/24      EV: 17    Int:  7    God:    Gozag
Gold:   5575       SH: 17    Dex: 23    Spells: 20/20 levels left

rFire    + . .     SeeInvis .   P - +5 broad axe "Qonucoq" {freeze, +Fly Str+4 Int+2 Dex+4}
rCold    + . .     Gourm    .   B - +1 kite shield
rNeg     . . .     Faith    .   g - +3 crystal plate armour of the Elven Halls {rC+}
rPois    +         Spirit   .   (helmet restricted)
rElec    .         Reflect  .   m - +2 cloak
rCorr    .         Harm     +   X - +1 pair of gloves {Dex+3}
MR       +....                  C - +2 pair of boots
Stlth    ..........             Q - amulet of harm
HPRegen  0.45/turn              f - ring of protection from fire
MPRegen  0.19/turn              U - ring of Wiggefaxt {rPois Str+6 Slay+3}

@: lethally poisoned (0 -> -1), gold aura, berserk cooldown
A: retaliatory headbutt, horns 2, icy blue scales 1, slimy green scales 1,
blurry vision 1, sense surroundings 1, MP-powered wands, sturdy frame 1
}: 3/15 runes: barnacled, silver, gossamer
a: Potion Petition, Call Merchant, Bribe Branch, Renounce Religion, Evoke Flight


You were on level 4 of the Realm of Zot.
You worshipped Gozag.
Gozag was greatly pleased with you.
You were not hungry.

You visited 10 branches of the dungeon, and saw 47 of its levels.
You also visited: Gauntlet.

You collected 16451 gold pieces.
You spent 5100 gold pieces at shops.
You paid 5776 gold pieces to Gozag.

Inventory:

Hand Weapons
 G - a +4 broad axe of flaming
   (You took it off Maggie on level 10 of the Dungeon)
 P - the +5 broad axe "Qonucoq" (weapon) {freeze, +Fly Str+4 Int+2 Dex+4}
   (You bought it in a shop on level 2 of the Orcish Mines)

   It has been specially enchanted to freeze those struck by it, causing extra
   injury to most foes and up to half again as much damage against particularly
   susceptible opponents.
   It can also slow down cold-blooded creatures.
   It affects your strength (+4).
   It affects your intelligence (+2).
   It affects your dexterity (+4).
   It lets you fly.
Missiles
 y - 4 throwing nets (quivered)
Armour
 g - the +3 crystal plate armour of the Elven Halls (worn) {rC+}
   (You bought it in a shop on level 1 of the Lair of Beasts)

   It protects you from cold.
 m - a +2 cloak (worn)
   (You took it off a draconian monk on level 1 of the Realm of Zot)
 B - a +1 kite shield (worn)
 C - a +2 pair of boots (worn)
   (You found it on level 1 of the Lair of Beasts)
 V - a +4 plate armour of magic resistance
   (You bought it in a shop on level 4 of the Vaults)
 W - the +1 plate armour of Melancholy {rF+ rCorr}
   (You found it on level 5 of the Vaults)

   It protects you from fire.
   It provides partial protection from all sources of acid and corrosion.
 X - a +1 pair of gloves of dexterity (worn)
   (You found it on level 5 of the Vaults)
Jewellery
 c - an uncursed ring of protection from cold
   (You found it on level 9 of the Dungeon)
 f - a ring of protection from fire (left hand)
   (You found it on level 10 of the Dungeon)
 A - an uncursed ring of positive energy
   (You found it on level 5 of the Dungeon)
 K - an uncursed amulet of rage
   (You found it in a Gauntlet)
 Q - an amulet of harm (around neck)
   (You found it on level 2 of the Orcish Mines)
 U - the ring of Wiggefaxt (right hand) {rPois Str+6 Slay+3}
   (You bought it in a shop on level 15 of the Dungeon)

   [ring of strength]

   It affects your strength (+6).
   It affects your accuracy and damage with ranged weapons and melee attacks
   (+3).
   It protects you from poison.
Wands
 a - a wand of paralysis (33)
   (You found it on level 3 of the Lair of Beasts)
 u - a wand of iceblast (24)
   (You found it on level 8 of the Dungeon)
 v - a wand of digging (7)
   (You found it on level 2 of the Vaults)
 D - a wand of enslavement (8)
   (You found it on level 10 of the Dungeon)
 I - a wand of acid (9)
   (You found it on level 2 of the Vaults)
Scrolls
 k - a scroll of summoning
 p - 2 scrolls of magic mapping
 r - 4 scrolls of identify
 t - 5 scrolls of teleportation
 x - 8 scrolls of remove curse
 z - 8 scrolls of blinking
 E - a scroll of silence
 N - 3 scrolls of fog
 O - 3 scrolls of fear
 S - 2 scrolls of immolation
Potions
 d - a potion of might
 h - 4 potions of haste
 j - 3 potions of lignification
 n - 4 potions of resistance
 q - 10 potions of curing
 s - 3 potions of berserk rage
 F - 5 potions of flight
 H - 2 potions of invisibility
 J - 2 potions of mutation
 M - 2 potions of magic
 R - 4 potions of ambrosia
Miscellaneous
 L - a tin of tremorstones (3/3)
   (You found it in a Gauntlet)
Comestibles
 e - 31 rations


   Skills:
 + Level 24.5 Fighting
 - Level 18.0 Axes
 + Level 24.5 Armour
 - Level 11.0 Dodging
 - Level 15.0 Shields
 - Level 6.0 Evocations


You had 20 spell levels left.
You didn't know any spells.
Your spell library was empty.

Dungeon Overview and Level Annotations

Branches:
Dungeon (15/15)            Temple (1/1) D:7            Lair (6/6) D:9
 Shoals (4/4) Lair:3       Spider (4/4) Lair:3        Slime (1/5) Lair:6
    Orc (2/2) D:11            Elf (0/3) Orc:2        Vaults (5/5) D:14
 Depths (5/5) D:15            Zot (4/5) Depths:5    Gauntlet (visited)
  Crypt: Vaults:2-3

Altars:
Ashenzari
Cheibriados
Elyvilon
Fedhas
Gozag
Kikubaaqudgha
Makhleb
Okawaru
Qazlal
Sif Muna
Trog
Uskayaw
Vehumet
Yredelemnul
The Shining One
Beogh
Jiyva

Shops:
D:7 (   D:9 (   D:14 %   D:15 =?   Orc:2 [%([   Lair:1 [[   Shoals:2 (
Vaults:3 (   Vaults:4 [   Depths:4 (*}(?

Portals:
Hell: Depths:2
Pandemonium: Depths:2
Trove: Vaults:2 (give +4 fire dragon scales)

Annotations:
D:7 2 transporters, DrMuscles's ghost, novice GrFi; Grum
Lair:6 1 runed translucent door, wvc's ghost, journeyman VSAr
Shoals:3 3 runed translucent doors, Buowofek's ghost, journeyman MiFi
Vaults:2 1 runed translucent door, Vileos's ghost, adept DsGl


Innate Abilities, Weirdness & Mutations

You reflexively headbutt those who attack you in melee.
You have a pair of horns on your head.
You are partially covered in icy blue scales. (AC +2)
You are partially covered in slimy green scales. (AC +2)
Scrolls take you a little longer to read.
You passively map a small area around you.
You expend magic power (3 MP) to strengthen your wands.
Your movements are slightly less encumbered by armour. (ER -2)


Message History

The golden dragon is moderately wounded.
You feel sick. You block the golden dragon's attack.
The golden dragon completely misses you.
You block the golden dragon's attack.
You hit the golden dragon. You freeze the golden dragon.
You headbutt the golden dragon!!
The golden dragon is severely wounded.
The golden dragon bites you but does no damage.
The golden dragon claws you but does no damage.
The golden dragon completely misses you.
You slash the golden dragon!
The golden dragon is severely wounded.
You feel sick.
You hit the golden dragon but do no damage.
You headbutt the golden dragon, but do no damage.
The golden dragon is severely wounded.
The golden dragon breathes fire at you. The bolt of fire hits you!! You resist.
You die...
Your body crumbles into a pile of gold.

**,,,,,,,,,,*,,,,##......#.......
*,,,***,,,,,**,,,*#.....##*...#**
,,,**,,,,,,,,,,,...#####.##*).##*
,,,,,,,,,*******#..* ##.##*..##
,,,,,,.,,,,** *..** ##.##....
,,,***...*,,###**### ##......
,,,***#...###.####.########......
*,,,**#........○○☼....>..$.......
**,,*,......$$.D@○...............
,,,,,*.##...$#.°#○.$..$.....###..
***,,***#####..###...#.$.#.##*,.#
,**,,,**** *#..#*###..#...##*,,,#
,,,,,,,,,**#....*#%..###..#*,,,**
,,,,,,,,,,#.....*#....*#....,,***
,,,>,***,*#...##..q###.......***,
,,,,,*****....**...<**#.......,,*
,,,,,,***,,,,,,#...,,,##......,**


You could see a golden dragon (catching breath).

Vanquished Creatures
  An orb of fire (Zot:3)
  A curse toe (Zot:4)
  Jory (Vaults:3)
  2 golden dragons (Zot:2)
  Arachne (Spider:4)
  2 tentacled monstrosities
  Rupert (D:12)
  3 quicksilver dragons
  Asterion (Vaults:1)
  A lich (Vaults:2)
  5 sphinxes
  Kirke (D:13)
  4 death cobs
  2 tengu reavers
  Agnes (D:14)
  5 shadow dragons
  8 storm dragons
  2 draconian monks
  3 frost giants
  4 draconian knights
  6 fire giants
  An orc warlord (Orc:2)
  A deep elf sorcerer (Vaults:3)
  An iron dragon (Vaults:5)
  7 draconian scorchers
  2 ghost moths
  7 vault wardens
  3 emperor scorpions (Spider:4)
  4 draconian shifters
  11 ironheart preservers
  2 draconian annihilators
  2 draconian stormcallers
  A very ugly thing (Depths:3)
  7 stone giants
  A war gargoyle (Vaults:5)
  6 green draconians
  6 deep elf annihilators
  5 yellow draconians
  9 red draconians
  6 black draconians
  Nessos (Lair:6)
  4 spark wasps
  2 purple draconians
  A minotaur (Gauntlet)
  6 white draconians
  4 merfolk javelineers
  Snorg (Lair:3)
  6 ettins
  A crystal guardian (Depths:2)
  2 fire dragons
  6 yaktaur captains
  3 merfolk impalers (Shoals:4)
  2 great orbs of eyes
  2 deep elf high priests
  2 deep elf death magi
  18 vault guards
  2 rakshasas
  10 hydras
  A catoblepas (Depths:2)
  An alligator snapping turtle (Shoals:4)
  2 ice dragons
  4 centaur warriors
  3 merfolk aquamancers (Shoals:4)
  24 two-headed ogres
  2 death knights (D:14)
  5 ogre magi
  A tengu warrior (D:13)
  5 deep troll shamans
  8 death scarabs (Spider:4)
  A deep troll earth mage (Depths:2)
  2 thrashing horrors (Gauntlet)
  4 orc high priests (Orc:2)
  Sonja (Lair:6)
  A hell knight (Depths:2)
  4 deep elf knights
  6 skeletal warriors
  7 deep trolls
  A swamp dragon (shapeshifter) (Vaults:5)
  A glowing orange brain (Vaults:3)
  7 sea snakes
  A kraken simulacrum (Shoals:4)
  A flayed ghost (Vaults:2)
  9 ironbrand convokers
  5 phantasmal warriors
  5 wizards
  5 necromancers
  10 harpies
  9 orc knights
  8 orb spiders
  5 wolf spider zombies
  A spectral wolf spider (Spider:4)
  A lindwurm (Lair:6)
  13 wolf spiders
  A fire giant zombie (Vaults:4)
  10 deep elf magi
  21 ugly things
  2 frost giant zombies (Vaults:4)
  A worldbinder (Gauntlet)
  5 orc sorcerers
  3 cyclopes
  11 manticores
  A salamander (shapeshifter) (Vaults:3)
  A fire giant skeleton (Vaults:4)
  7 moths of wrath
  5 merfolk sirens
  6 torpor snails (Lair:6)
  4 elephants (Lair:3)
  6 water nymphs
  5 vault sentinels
  2 black mambas
  3 centaur zombies
  2 gargoyles (D:13)
  Maggie (D:10)
  6 spiny frogs
  8 spectral redbacks (Spider:4)
  7 centaur skeletons
  3 human zombies (Vaults:4)
  A yaktaur zombie (Vaults:4)
  A redback zombie (Spider:4)
  7 komodo dragons
  9 demonic crawlers
  20 yaktaurs
  An efreet (D:14)
  2 rime drakes
  6 freezing wraiths
  12 merfolk
  25 jumping spiders
  12 trolls
  3 spectral tarantellas (Spider:4)
  4 tyrant leeches (Lair:6)
  3 wind drakes (Shoals:4)
  A queen bee (shapeshifter) (Depths:3)
  6 spectral jumping spiders (Spider:4)
  A jumping spider (shapeshifter) (D:15)
  2 polar bears
  9 blink frogs (Lair:6)
  Grinder (D:5)
  12 hornets
  A jumping spider zombie (Spider:4)
  3 meliai (D:15)
  2 tarantella zombies (Spider:4)
  17 dream sheep
  15 slime creatures
  A hippogriff (shapeshifter) (Vaults:4)
  7 snapping turtles
  10 hippogriffs
  A redback (shapeshifter) (Depths:2)
  Sigmund (D:5)
  3 vampires
  45 redbacks
  A shadow (D:15)
  2 water elementals
  6 hogs (D:13)
  2 wyverns
  22 tarantellas
  5 wraiths
  40 yaks
  An elf zombie (Vaults:5)
  A hungry ghost (D:10)
  8 vampire mosquitoes
  2 basilisks
  4 wargs
  Edmund (D:5)
  2 acid dragons (D:14)
  7 water moccasins
  A deep troll skeleton (Vaults:4)
  4 porcupines
  3 small abominations (Gauntlet)
  A floating eye (shapeshifter) (Vaults:3)
  3 spectral hornets (Spider:4)
  40 orc warriors
  4 ice beasts
  The ghost of p0werm0de the Covered, an amateur DDFi (D:3)
  4 black bears
  2 phantoms
  5 sky beasts
  26 wolves (Lair:1)
  12 centaurs
  A necrophage (D:6)
  5 boggarts
  23 ogres
  14 crocodiles
  2 elf skeletons
  A crocodile (shapeshifter) (Depths:1)
  2 big kobolds
  18 bullfrogs
  A wyvern zombie (D:8)
  A scorpion (D:7)
  5 wights (D:9)
  5 killer bees (D:8)
  3 crimson imps
  2 quasits
  3 bullfrog skeletons
  A jelly (D:14)
  29 orc priests
  3 hounds
  23 orc wizards
  Terence (D:2)
  4 iguanas
  5 worker ants
  A killer bee zombie (D:8)
  A hound zombie (D:8)
  3 hound skeletons
  A worker ant zombie (D:7)
  3 gnolls (D:4)
  12 adders
  5 shadow imps
  A white imp (Gauntlet)
  4 adder skeletons
  3 worms
  A dart slug (D:1)
  3 leopard geckos
  106 orcs
  3 giant cockroaches
  10 hobgoblins
  2 jackals (D:5)
  9 kobolds
  3 quokkas
  2 ball pythons (D:3)
  2 bats (D:1)
  2 frilled lizards
  7 goblins
  2 rats (D:1)
  3 fungi
  4 plants
  3 tentacles (Shoals:4)
1297 creatures vanquished.

Vanquished Creatures (others)
  A kobold (D:11)
  A quokka (D:3)
  11 fungi
  20 plants
33 creatures vanquished.

Grand Total: 1330 creatures vanquished

Notes
Turn   | Place    | Note
-------+----------+-------------------------------------------
     0 | D:1      | Flugslaktarn the Minotaur Fighter began the quest for the
                  | Orb.
     0 | D:1      | Reached XP level 1. HP: 19/19 MP: 0/0
   142 | D:1      | Reached XP level 2. HP: 25/27 MP: 1/1
   421 | D:1      | You fall into a shaft and drop 1 floor!
   720 | D:2      | Reached XP level 3. HP: 33/33 MP: 2/2
  1032 | D:2      | Noticed Terence
  1049 | D:2      | Killed Terence
  1049 | D:2      | Reached XP level 4. HP: 32/40 MP: 3/3
  1405 | D:3      | Found a white marble altar of Elyvilon.
  1551 | D:3      | You fall into a shaft and drop 2 floors!
  1551 | D:5      | Entered Level 5 of the Dungeon
  1685 | D:5      | Noticed a bullfrog
  1693 | D:5      | Killed a bullfrog
  1693 | D:5      | Reached XP level 5. HP: 37/47 MP: 4/4
  1792 | D:5      | Reached skill level 5 in Axes
  1809 | D:5      | Reached XP level 6. HP: 45/55 MP: 5/5
  1847 | D:5      | Noticed Grinder
  1861 | D:5      | Killed Grinder
  1861 | D:5      | Reached skill level 5 in Fighting
  1861 | D:5      | Reached skill level 5 in Armour
  1861 | D:5      | Reached skill level 5 in Shields
  2125 | D:4      | Reached XP level 7. HP: 56/61 MP: 6/6
  2372 | D:3      | Found a runed translucent door.
  2372 | D:3      | Noticed p0werm0de's ghost (amateur DDFi)
  2429 | D:3      | Killed p0werm0de's ghost
  3482 | D:5      | Noticed a wyvern
  3486 | D:5      | Killed a wyvern
  3497 | D:5      | Reached XP level 8. HP: 62/70 MP: 7/7
  3628 | D:5      | Noticed Sigmund
  3638 | D:5      | Killed Sigmund
  3692 | D:5      | Noticed Edmund
  3711 | D:5      | Killed Edmund
  4289 | D:6      | Identified a scroll of acquirement
  4290 | D:6      | Identified the ring of Syndicalism {rC+ Dex+2} (You
                  | acquired it on level 6 of the Dungeon)
  4581 | D:7      | Found a staircase to the Ecumenical Temple.
  4608 | D:7      | Noticed Grum
  4675 | Temple   | Entered the Ecumenical Temple
  4694 | Temple   | Became a worshipper of Gozag Ym Sagoz the Greedy
  4954 | D:6      | Reached XP level 9. HP: 76/79 MP: 8/8
  5718 | D:7      | Found a transporter.
  5720 | D:7      | Identified the ring of Warpha Janu {rPois Int+2 SInv}
  5735 | D:7      | Noticed DrMuscles's ghost (novice GrFi)
  5737 | D:7      | Found a transporter.
  5824 | D:7      | Reached skill level 10 in Axes
  6047 | D:7      | Found Pilumoarr's Antique Weapon Boutique.
  6356 | D:8      | Noticed a two-headed ogre
  7619 | D:8      | Killed a two-headed ogre
  7619 | D:8      | Reached XP level 10. HP: 26/90 MP: 9/9
  8001 | D:9      | Found Ceebitiz's Weapon Emporium.
  8219 | D:9      | Found a staircase to the Lair.
  8549 | D:10     | Entered Level 10 of the Dungeon
  8601 | Lair:1   | Entered Level 1 of the Lair of Beasts
  8705 | Lair:1   | Noticed a spiny frog
  8720 | Lair:1   | Killed a spiny frog
  9101 | Lair:1   | Noticed a six-headed hydra
  9319 | Lair:1   | Bought the +3 crystal plate armour of the Elven Halls {rC+}
                  | for 1700 gold pieces
  9624 | Lair:1   | Reached XP level 11. HP: 88/99 MP: 10/10
  9699 | Lair:1   | Killed a six-headed hydra
  9699 | Lair:1   | Reached skill level 10 in Armour
  9699 | Lair:1   | Reached skill level 10 in Shields
  9848 | Lair:1   | Reached skill level 10 in Fighting
 10328 | Lair:2   | Identified a +0 pair of boots of running (You found it on
                  | level 2 of the Lair of Beasts)
 10360 | Lair:2   | Noticed a four-headed hydra
 11484 | D:10     | Noticed Maggie
 11497 | D:10     | Killed Maggie
 11628 | Lair:2   | Killed a two-headed hydra
 12287 | Lair:3   | Found a staircase to the Shoals.
 12396 | Lair:3   | Noticed Snorg
 12528 | Lair:3   | Noticed a seven-headed hydra
 12543 | Lair:3   | Killed a one-headed hydra
 12891 | Lair:3   | Reached XP level 12. HP: 91/110 MP: 11/11
 13012 | Lair:3   | Killed Snorg
 13080 | Lair:3   | Found a hole to the Spider Nest.
 14150 | Lair:4   | Noticed a six-headed hydra
 14154 | Lair:4   | Killed a four-headed hydra
 14154 | Lair:4   | Reached skill level 15 in Axes
 14259 | Lair:4   | Noticed a four-headed hydra
 14267 | Lair:4   | Killed a one-headed hydra
 14737 | Lair:5   | Found a gate leading to a gauntlet.
 14760 | Gauntlet | Entered a Gauntlet
 14760 | Gauntlet | Found a transporter.
 14760 | Gauntlet | Found a transporter.
 14786 | Gauntlet | Found a transporter.
 14786 | Gauntlet | Found a transporter.
 14795 | Gauntlet | Found a transporter.
 14816 | Gauntlet | Found a transporter.
 14821 | Gauntlet | Found a transporter.
 14824 | Gauntlet | Found a transporter.
 14824 | Gauntlet | Noticed a catoblepas
 14848 | Gauntlet | Found a transporter.
 14849 | Gauntlet | Noticed a death ooze
 14855 | Gauntlet | Found a transporter.
 14867 | Gauntlet | Found a transporter.
 14913 | Gauntlet | Found a transporter.
 14922 | Gauntlet | Found a transporter.
 14936 | Gauntlet | Found a transporter.
 15037 | Gauntlet | Found a transporter.
 15058 | Gauntlet | Found a transporter.
 15216 | Gauntlet | Got a brightly glowing turquoise ring
 15411 | Gauntlet | Noticed a minotaur
 15435 | Gauntlet | HP: 6/168 [minotaur/the +9 staff of Olgreb {rPois∞} (7)]
 15438 | Gauntlet | Killed a minotaur
 15902 | Lair:5   | Reached skill level 1 in Evocations
 16164 | Lair:5   | Reached XP level 13. HP: 112/118 MP: 13/13
 16547 | Lair:5   | Identified the ring of Doubt {rC+ Str+4 Slay-6 Stlth+} (You
                  | found it in a Gauntlet)
 16555 | Lair:5   | Gained mutation: You are partially covered in icy blue
                  | scales. (AC +2) [potion of mutation]
 16555 | Lair:5   | Gained mutation: You are agile. (Dex +2) [potion of
                  | mutation]
 16555 | Lair:5   | Gained mutation: Your spells are a little harder to cast,
                  | but a little more powerful. [potion of mutation]
 16555 | Lair:5   | Gained mutation: Your natural rate of healing is unusually
                  | fast. [potion of mutation]
 16573 | Lair:6   | Entered Level 6 of the Lair of Beasts
 16826 | Lair:6   | Found a staircase to the Slime Pits.
 16826 | Lair:6   | Found a viscous altar of Jiyva.
 16973 | Lair:6   | Found a runed translucent door.
 17080 | Lair:6   | Noticed Sonja
 17098 | Lair:6   | Killed Sonja
 17462 | Lair:6   | Noticed Nessos
 17484 | Lair:6   | Killed Nessos
 17693 | Lair:6   | Found a runed translucent door.
 17698 | Lair:6   | Noticed wvc's ghost (journeyman VSAr)
 18479 | D:11     | Found a staircase to the Orcish Mines.
 18703 | Orc:1    | Entered Level 1 of the Orcish Mines
 18899 | Orc:2    | Entered Level 2 of the Orcish Mines
 19127 | Orc:2    | Reached XP level 14. HP: 129/129 MP: 16/16
 19351 | Orc:2    | Noticed an orc warlord
 19356 | Orc:2    | Found a roughly hewn altar of Beogh.
 19387 | Orc:2    | Killed an orc warlord
 19446 | Orc:2    | Found Cilenis's Antique Weapon Emporium.
 19597 | Orc:2    | Bought a pitted broad axe for 270 gold pieces
 19597 | Orc:2    | Identified the +5 broad axe "Qonucoq" {freeze, +Fly Str+4
                  | Int+2 Dex+4} (You bought it in a shop on level 2 of the
                  | Orcish Mines)
 19628 | Orc:2    | Found Kiap's Armour Shoppe.
 20036 | Orc:2    | Found a staircase to the Elven Halls.
 20180 | Orc:2    | Reached skill level 5 in Evocations
 20386 | Orc:2    | Found a roughly hewn altar of Beogh.
 20525 | Orc:2    | Found Moeneaf's Food Emporium.
 20562 | Orc:2    | Found Qishup's Antique Armour Shoppe.
 20973 | D:11     | You fall into a shaft and drop 1 floor!
 21031 | D:12     | Reached skill level 1 in Dodging
 21222 | D:12     | Noticed Rupert
 21252 | D:12     | Killed Rupert
 21800 | D:12     | Reached XP level 15. HP: 138/138 MP: 18/18
 21936 | D:12     | Found a bloodstained altar of Trog.
 22174 | D:13     | Identified the +1 robe of Nueliterus {rCorr Str-2 Int+10}
 22356 | D:13     | Noticed Kirke
 22377 | D:13     | Killed Kirke
 23084 | D:14     | Reached skill level 5 in Dodging
 23197 | D:13     | Got a scorched war axe
 23198 | D:13     | Lost intelligence.
 23198 | D:13     | Identified the +10 war axe "Fur Bux" {flame, rN++ Int-5}
                  | (You found it on level 13 of the Dungeon)
 23652 | D:14     | Found a gate to the Vaults.
 23663 | D:14     | Found Midaanyll's Food Shoppe.
 23727 | D:14     | Noticed Agnes
 23740 | D:14     | Killed Agnes
 24085 | D:15     | Entered Level 15 of the Dungeon
 24173 | D:15     | Found Eciecux's Magic Scroll Boutique.
 24179 | D:15     | Bought a scroll of blinking for 142 gold pieces
 24179 | D:15     | Bought a scroll of blinking for 142 gold pieces
 24179 | D:15     | Bought 3 scrolls of blinking for 427 gold pieces
 24179 | D:15     | Bought a scroll of fog for 38 gold pieces
 24335 | D:15     | Reached skill level 15 in Shields
 24336 | D:15     | Reached skill level 15 in Armour
 24346 | D:15     | Reached skill level 15 in Fighting
 24409 | D:15     | Found a staircase to the Depths.
 24409 | D:15     | Noticed a fire giant
 24423 | D:15     | Killed a fire giant
 25025 | D:15     | Bought the ring of Wiggefaxt {rPois Str+6 Slay+3} for 1481
                  | gold pieces
 25253 | Spider:1 | Entered Level 1 of the Spider Nest
 25376 | Spider:1 | Reached XP level 16. HP: 140/149 MP: 19/19
 25907 | Spider:4 | Entered Level 4 of the Spider Nest
 26569 | Spider:4 | Noticed Arachne
 26581 | Spider:4 | Killed Arachne
 26693 | Spider:4 | Reached skill level 10 in Dodging
 26920 | Spider:4 | Got a gossamer rune of Zot
 27222 | Shoals:1 | Entered Level 1 of the Shoals
 27441 | Shoals:2 | Found Bisa's Antique Weapon Boutique.
 27467 | Shoals:2 | Reached XP level 17. HP: 155/161 MP: 20/20
 27606 | Shoals:3 | Found a runed translucent gate.
 27606 | Shoals:3 | Found a runed translucent gate.
 27606 | Shoals:3 | Found a runed translucent gate.
 27612 | Shoals:3 | Noticed Buowofek's ghost (journeyman MiFi)
 27953 | Shoals:4 | Entered Level 4 of the Shoals
 28126 | Shoals:4 | Identified the +6 flail of Wealth {chaos, rPois rN++ Int-2
                  | Dex+4}
 28398 | Shoals:4 | Got a barnacled rune of Zot
 28462 | Shoals:4 | Got a shimmering jade ring
 28463 | Shoals:4 | Identified the cursed ring "Giugareo" {EV-3 Dex+2} (You
                  | found it on level 4 of the Shoals)
 28943 | Slime:1  | Entered Level 1 of the Pits of Slime
 28943 | Slime:1  | Noticed an acid blob
 29146 | Vaults:1 | Entered Level 1 of the Vaults
 29205 | Vaults:1 | Noticed Asterion
 29216 | Vaults:1 | Killed Asterion
 29239 | Vaults:2 | Found a portal to a secret trove of treasure.
 29464 | Vaults:2 | Found a runed translucent door.
 29464 | Vaults:2 | Noticed Vileos's ghost (adept DsGl)
 29521 | Vaults:2 | Noticed a lich
 29528 | Vaults:2 | Noticed an Ice Fiend
 29538 | Vaults:2 | Killed a lich
 30080 | Vaults:3 | Reached XP level 18. HP: 77/176 MP: 21/21
 30250 | Vaults:3 | Found Yfafai's Antique Weapon Boutique.
 30292 | Vaults:3 | Noticed Jory
 30307 | Vaults:3 | Killed Jory
 30676 | Vaults:4 | Paralysed by a great orb of eyes for 7 turns
 31283 | Vaults:4 | Bought a +4 plate armour of magic resistance for 900 gold
                  | pieces
 31296 | Vaults:5 | Entered Level 5 of the Vaults
 31303 | Vaults:5 | Noticed a tentacled monstrosity
 31363 | Vaults:5 | Reached XP level 19. HP: 71/188 MP: 22/22
 31697 | Vaults:5 | Got an ichor-stained plate armour
 31716 | Vaults:5 | Identified the +1 plate armour of Melancholy {rF+ rCorr}
                  | (You found it on level 5 of the Vaults)
 31721 | Vaults:5 | Got a silver rune of Zot
 31973 | Vaults:5 | Paralysed by a sphinx for 4 turns
 32533 | Depths:1 | Entered Level 1 of the Depths
 32640 | Depths:1 | You fall into a shaft and drop 1 floor!
 32640 | Depths:2 | Found a one-way gate leading to the halls of Pandemonium.
 33010 | Depths:2 | Found a gateway to Hell.
 33151 | Depths:3 | Paralysed by a floating eye for 3 turns
 33256 | Depths:3 | Reached XP level 20. HP: 173/202 MP: 23/23
 33315 | Depths:4 | Found Nesetz's Antique Weapon Boutique.
 33319 | Depths:4 | Found Yhetirph's Gadget Boutique.
 33319 | Depths:4 | Found Okunuhit's General Store.
 33326 | Depths:4 | Found Taitihel's Weapon Shop.
 33443 | Depths:4 | Found Woffe's Magic Scroll Shoppe.
 33472 | Depths:5 | Entered Level 5 of the Depths
 33516 | Depths:5 | Found a gate to the Realm of Zot.
 33728 | Zot:1    | Entered Level 1 of the Realm of Zot
 34226 | Zot:3    | Noticed an orb of fire
 34229 | Zot:3    | Gained mutation: Armour fits poorly on your strangely
                  | shaped body. [an orb of fire]
 34247 | Zot:3    | Killed an orb of fire
 34329 | Zot:2    | Lost mutation: Your spells are a little harder to cast, but
                  | a little more powerful. [potion of mutation]
 34329 | Zot:2    | Lost mutation: You are agile. (Dex +2) [potion of mutation]
 34329 | Zot:2    | Lost mutation: Your natural rate of healing is unusually
                  | fast. [potion of mutation]
 34329 | Zot:2    | Gained mutation: You are partially covered in slimy green
                  | scales. (AC +2) [potion of mutation]
 34329 | Zot:2    | Gained mutation: Your mind is acute. (Int +2) [potion of
                  | mutation]
 34329 | Zot:2    | Gained mutation: You do not regenerate when monsters are
                  | visible. [potion of mutation]
 34329 | Zot:2    | Gained mutation: Your movements are slightly less
                  | encumbered by armour. (ER -2) [potion of mutation]
 34330 | Zot:2    | Lost mutation: Armour fits poorly on your strangely shaped
                  | body. [potion of mutation]
 34330 | Zot:2    | Lost mutation: Your mind is acute. (Int +2) [potion of
                  | mutation]
 34330 | Zot:2    | Lost mutation: You do not regenerate when monsters are
                  | visible. [potion of mutation]
 34330 | Zot:2    | Gained mutation: You passively map a small area around you.
                  | [potion of mutation]
 34330 | Zot:2    | Gained mutation: Scrolls take you a little longer to read.
                  | [potion of mutation]
 34330 | Zot:2    | Gained mutation: You expend magic power (3 MP) to
                  | strengthen your wands. [potion of mutation]
 34554 | Zot:2    | Noticed a golden dragon
 34563 | Zot:2    | Killed a golden dragon
 34577 | Zot:3    | Noticed a golden dragon
 34609 | Zot:2    | Killed a golden dragon
 34962 | Zot:3    | Reached XP level 21. HP: 214/214 MP: 24/24
 35013 | Zot:4    | Noticed a curse toe
 35025 | Zot:4    | Killed a curse toe
 35597 | Zot:4    | Noticed a golden dragon
 35612 | Zot:4    | HP: 6/215 [golden dragon/bolt of cold (20)]
 35621 | Zot:4    | Killed from afar by a golden dragon

Illustrated notes

Levels and vault maps discovered:
D:1:      dpeg_arrival_tiny_i, layout_rooms, kennysheep_small_spiral
D:2:      layout_loops_ring, corexii_shack, uniq_terence
D:3:      layout_rooms, elyvilon_altar_4, hellmonk_ghost_happy_afterlife,
          first_ration, wad_floor_pattern_untrapped
D:4:      layout_basic
D:5:      layout_layer_cave, sigmund_edmund_badplayer, uniq_grinder
D:6:      layout_basic
D:7:      layout_loops_corners, minmay_temple_entry_hall,
          gammafunk_ghost_gnarly_gnolls, kennysheep_windowed_goal
D:8:      layout_gridville
D:9:      layout_rooms, dpeg_oklobed_lair, serial_shops, shop_statue
D:10:     layout_irregular_city, uniq_maggie
D:11:     layout_cave_pods, david_orc_2
D:12:     layout_roguey, grunt_ogre_cave, minivault_19, bloody_trog, uniq_rupert
D:13:     layout_basic, serial_curves, eino_curves_03, eino_curves_04,
          minmay_between, uniq_kirke
D:14:     layout_irregular_city, david_vaults_1, serial_shops, shop, uniq_agnes
D:15:     grunt_enter_depths_giant_problem, layout_long_grid, serial_shops,
          shop, serial_bayou_shore_a, minivault_5
Temple:   grunt_wide_crystal_templ
Lair:1:   layout_small_grid, nicolae_lair_grove_arrangements, minivault_25,
          grunt_forest_large_clearings, infiniplex_staircase_pool_2
Lair:2:   layout_regular_city, grunt_megastairs_2
Lair:3:   layout_misc_corridors, minmay_shoals_entry_centaurs,
          dummy_spider_entry, uniq_snorg
Lair:4:   layout_cave_pods, grunt_megastairs_3
Lair:5:   layout_loops_ring, gauntlet_entry_generic, grunt_megastairs_1
Lair:6:   wormcave, layout_cave_pods, slime_altar_1,
          ebering_ghost_reflecting_pool, uniq_sonja, uniq_nessos
Shoals:1: layout_shoals
Shoals:2: layout_shoals, ebering_ghost_reflecting_pool, serial_shops,
          nicolae_shop_overgrown_old_shop
Shoals:3: layout_shoals, gammafunk_ghost_necromancy
Shoals:4: shoals_end_grunt_ice, layout_shoals
Spider:1: layout_spider_delve, hive_lemuel
Spider:2: layout_spider_delve
Spider:3: layout_chambers
Spider:4: floodkiller_spider_rune_tomb, uniq_arachne
Slime:1:  layout_caves
Orc:1:    layout_diamond_mine
Orc:2:    pubby_orc_utopia, serial_shops
Vaults:1: st_greater_box_3, vaults_room_door_hall, ontoclasm_vaults_bender,
          grunt_vaults_swirl, nicolae_vaults_specimen_jars,
          ontoclasm_vaults_misaligned, ontoclasm_vaults_tryst, v_misc_27,
          layout_vaults_big_cross, uniq_aizul, uniq_asterion
Vaults:2: gammafunk_vaults_ghost_grave, v_misc_33, v_misc_3,
          hangedman_vaults_hard_town_square, ontoclasm_vaults_twist,
          nicolae_vaults_diagonal_hallway_9, vaults_dpeg_cross,
          minmay_crypt_entry_necro_gods, hangedman_vaults_stream, v_misc_14,
          v_misc_8, nicolae_vaults_hallways_thing,
          ontoclasm_vaults_claustrophobia, nicolae_vaults_diagonal_hallway_8,
          hangedman_vaults_trim, v_misc_5, layout_vaults_maze, enter_trove_2
Vaults:3: hangedman_vaults_pinch, nicolae_vaults_network_periphery,
          vaults_room_large_hall, vaults_room_large_hall,
          hangedman_vaults_variations, nicolae_vaults_little_ls,
          ontoclasm_vaults_eye, v_misc_3, grunt_vaults_hallway_long, v_misc_28,
          grunt_vaults_focal, vaults_room_semicircle, layout_vaults_omnigrid,
          serial_shops, nicolae_shop_behind_doors, uniq_jory, uniq_margery
Vaults:4: v_misc_17, hangedman_vaults_stagger, nicolae_vaults_theta, v_misc_26,
          v_misc_32, ontoclasm_vaults_chip, v_misc_11,
          nicolae_vaults_branching_niches, vaults_room_large_hall,
          nicolae_vaults_yaktaur_gun_rack, layout_vaults_omnibox, uniq_donald
Vaults:5: serial_shops
Depths:1: layout_basic, tso_metal_star, serial_glass, glass_columns_b,
          glass_columns_b, feat_on_display, hell_entry, kennysheep_cross_room,
          kennysheep_inner_square
Depths:2: hangedman_crystal_crosses_colossus [crystal_crosses_arms_four,
          crystal_crosses_arms_four, crystal_crosses_arms_two,
          crystal_crosses_arms_one], hell_entry, pan_entry
Depths:3: minmay_the_grid_square_5x5_5x5
          [minmay_the_grid_square_5x5_eight_small,
          minmay_the_grid_square_5x5_inset, minmay_the_grid_square_5x5_longway,
          minmay_the_grid_square_5x5_spiral,
          minmay_the_grid_square_5x5_gyroscope,
          minmay_the_grid_square_5x5_lines,
          minmay_the_grid_square_5x5_prize_snowflake,
          minmay_the_grid_square_5x5_checkered_sparse,
          minmay_the_grid_square_5x5_prize_gold,
          minmay_the_grid_square_5x5_pentomino_r,
          minmay_the_grid_square_5x5_minivault,
          minmay_the_grid_square_5x5_hollow_slash,
          minmay_the_grid_square_5x5_prize_rear_guard,
          minmay_the_grid_square_5x5_inner_v, minmay_the_grid_square_5x5_seven,
          minmay_the_grid_square_5x5_percent,
          minmay_the_grid_square_5x5_prize_pseudospiral,
          minmay_the_grid_square_5x5_c, minmay_the_grid_square_5x5_prize_open,
          minmay_the_grid_square_5x5_sharp_hourglass,
          minmay_the_grid_square_5x5_two, minmay_the_grid_square_5x5_empty,
          minmay_the_grid_square_5x5_comb, minmay_the_grid_square_5x5_slash,
          minmay_the_grid_square_5x5_bite], layout_cave_shapes, pf_coc_iceberg,
          abyss_entry_small_statue_room, pan_entry, abandoned_shop
Depths:4: minmay_fractal_lines_corner, layout_basic,
          hangedman_decor_diamond_cutter, serial_shops, nicolae_shop_waterfront,
          grunt_hell_entry_dis_old, abyss_entry_crystal, minmay_shoptagon
Depths:5: grunt_zot_entry_tricorne, layout_basic, enter_ziggurat_a,
          hangedman_abyss_entry_splay, rand_demon_pan_entry_5,
          gammafunk_ghost_split, nicolae_ashenzari_panopticon, hell_entry
Zot:1:    layout_onion
Zot:2:    layout_misc_corridors
Zot:3:    layout_misc_corridors
Zot:4:    layout_onion_interference

Skill      XL: |  1  2  3  4  5  6  7  8  9 10 11 12 13 14 15 16 17 18 19 20 |
---------------+-------------------------------------------------------------+-----
Axes           | 3 4 5 6 7 9 11 12 14 15 17 18 | 18.0
Fighting       | 4 5 6 7 8 9 11 12 13 14 15 17 19 20 22 24 | 24.5
Armour         | 4 5 6 7 8 9 11 12 13 14 15 17 19 20 22 24 | 24.5
Shields        | 4 5 6 7 8 9 11 12 13 14 15 | 15.0
Evocations     | 1 4 6 |  6.0
Dodging        | 3 7 10 11 | 11.0

Action                   |  1- 3 |  4- 6 |  7- 9 | 10-12 | 13-15 | 16-18 | 19-21 || total
-------------------------+-------+-------+-------+-------+-------+-------+-------++-------
Melee: War axe           |   105 |   107 |   323 |   375 |       |       |       ||   910
       Headbutt          |    11 |    18 |    74 |   144 |   335 |   245 |   242 ||  1069
       Broad axe         |       |       |       |   264 |  1129 |   853 |   618 ||  2864
       Unarmed           |       |       |       |       |     7 |       |       ||     7
Invok: Call Merchant     |       |       |       |     2 |     1 |     1 |       ||     4
       Potion Petition   |       |       |       |     1 |       |     2 |     3 ||     6
Evoke: Wand              |       |       |     2 |     7 |       |       |       ||     9
       Tin of tremorston |       |       |       |       |       |     2 |       ||     2
  Use: Scroll            |       |       |    16 |    16 |     7 |    10 |    11 ||    60
       Potion            |       |       |     1 |     2 |     1 |     3 |     8 ||    15
 Stab: Distracted        |       |       |       |     4 |     9 |    11 |     9 ||    33
       Paralysed         |       |       |       |     4 |       |       |       ||     4
       Held in net/web   |       |       |       |       |       |     1 |       ||     1
       Petrified         |       |       |       |       |       |       |     6 ||     6
  Eat: Ration            |       |     1 |     3 |     8 |     9 |     6 |     4 ||    31
       Chunk             |       |     1 |     9 |       |       |       |       ||    10
Armor: Chain mail        |    18 |       |       |       |       |       |       ||    18
       Scale mail        |     2 |       |       |       |       |       |       ||     2
       Plate armour      |    46 |    65 |   165 |    83 |       |    27 |    39 ||   425
       Crystal plate arm |       |       |       |   304 |   428 |   316 |   160 ||  1208
       Skin              |       |       |       |     8 |       |       |       ||     8
Dodge: Dodged            |    16 |    11 |    57 |    73 |   132 |   288 |   193 ||   770
Block: Kite shield       |    58 |    51 |   205 |   356 |   634 |   545 |   314 ||  2163
       Tower shield      |       |       |       |   127 |       |       |       ||   127

Table legend:
 A = Non-vault XP
 B = Vault XP
 C = Vault XP percentage of total XP
 D = Non-vault monster count
 E = Vault monster count
 F = Vault count percentage of total count
                 A         B        C        D         E       F
            +---------+---------+-------+---------+---------+-------
      Total |  385519 |  242515 |  38.6 |     826 |     461 |  35.8
            +---------+---------+-------+---------+---------+-------
        D:1 |      29 |       0 |   0.0 |      16 |       0 |   0.0
        D:2 |      54 |      38 |  41.3 |       9 |       2 |  18.2
        D:3 |     124 |     128 |  50.8 |      22 |       1 |   4.3
        D:4 |     209 |       0 |   0.0 |      17 |       0 |   0.0
        D:5 |     642 |     649 |  50.3 |      16 |       3 |  15.8
        D:6 |    1325 |       0 |   0.0 |      21 |       0 |   0.0
        D:7 |     722 |      67 |   8.5 |      15 |       1 |   6.2
        D:8 |    1684 |       0 |   0.0 |      17 |       0 |   0.0
        D:9 |     914 |       0 |   0.0 |       9 |       0 |   0.0
       D:10 |    2948 |     395 |  11.8 |      29 |       1 |   3.3
       D:11 |    1769 |     148 |   7.7 |      13 |       5 |  27.8
       D:12 |   16742 |    2998 |  15.2 |      54 |       2 |   3.6
       D:13 |    4488 |    5128 |  53.3 |      19 |      13 |  40.6
       D:14 |    7420 |    3907 |  34.5 |      22 |       4 |  15.4
       D:15 |   13413 |    1676 |  11.1 |      37 |       1 |   2.6
     Lair:1 |    2759 |    3367 |  55.0 |      10 |      27 |  73.0
     Lair:2 |    1509 |     389 |  20.5 |       4 |       1 |  20.0
     Lair:3 |    5795 |    1378 |  19.2 |      21 |       3 |  12.5
     Lair:4 |    3721 |     196 |   5.0 |      10 |       2 |  16.7
     Lair:5 |    3754 |    1341 |  26.3 |      15 |       7 |  31.8
     Lair:6 |   13215 |    8569 |  39.3 |      45 |      19 |  29.7
   Shoals:1 |    1750 |       0 |   0.0 |       4 |       0 |   0.0
   Shoals:2 |    3639 |       0 |   0.0 |       7 |       0 |   0.0
   Shoals:3 |    6333 |       0 |   0.0 |      12 |       0 |   0.0
   Shoals:4 |    7209 |   19985 |  73.5 |      18 |      33 |  64.7
   Spider:1 |   11359 |       0 |   0.0 |      39 |       0 |   0.0
   Spider:2 |    5920 |       0 |   0.0 |      19 |       0 |   0.0
   Spider:3 |    2656 |       0 |   0.0 |       8 |       0 |   0.0
   Spider:4 |    9788 |   36955 |  79.1 |      30 |      72 |  70.6
      Orc:1 |     750 |       0 |   0.0 |       6 |       0 |   0.0
      Orc:2 |       0 |   25192 | 100.0 |       0 |     153 | 100.0
   Vaults:1 |       0 |    2598 | 100.0 |       0 |       1 | 100.0
   Vaults:2 |   24901 |    4540 |  15.4 |      39 |       5 |  11.4
   Vaults:3 |   25994 |    9493 |  26.8 |      42 |       8 |  16.0
   Vaults:4 |   31687 |   18399 |  36.7 |      50 |      19 |  27.5
   Vaults:5 |   17041 |   57355 |  77.1 |      24 |      42 |  63.6
   Depths:1 |    4830 |       0 |   0.0 |       8 |       0 |   0.0
   Depths:2 |       0 |   19724 | 100.0 |       0 |      16 | 100.0
   Depths:3 |   12127 |       0 |   0.0 |      17 |       0 |   0.0
   Depths:4 |    5454 |       0 |   0.0 |       6 |       0 |   0.0
   Depths:5 |       0 |   13347 | 100.0 |       0 |       9 | 100.0
      Zot:1 |   10900 |       0 |   0.0 |       8 |       0 |   0.0
      Zot:2 |   58499 |       0 |   0.0 |      37 |       0 |   0.0
      Zot:3 |   25410 |       0 |   0.0 |      12 |       0 |   0.0
      Zot:4 |   36036 |       0 |   0.0 |      19 |       0 |   0.0
   Gauntlet |       0 |    4553 | 100.0 |       0 |      11 | 100.0
            +---------+---------+-------+---------+---------+-------
